 Dungeon Crawl Stone Soup version 0.30-b1-5-g8e6c1be481 (webtiles) character file.

Game seed: 12341227239569614779

627 croobank the Cudgeller (level 7, -1/38 HPs)
             Began as a Vine Stalker Fighter on May 5, 2023.
             Was an Initiate of Fedhas.
             Slain by Pikel
             ... wielding a +0 whip of freezing
              (3 damage)
             ... on level 5 of the Dungeon.
             The game lasted 00:11:23 (3733 turns).

croobank the Cudgeller (Vine Stalker Fighter)       Turns: 3733, Time: 00:11:24

Health: -1/38      AC:  8    Str: 20    XL:     7   Next: 48%
Magic:  0/17       EV:  9    Int:  8    God:    Fedhas [......]
Gold:   217        SH:  5    Dex: 14    Spells: 6/6 levels left

rFire   . . .        a - +0 flail
rCold   . . .        c - +0 buckler
rNeg    . . .        b - +0 scale mail
rPois   .            (no helmet)
rElec   .            (no cloak)
rCorr   .            (no gloves)
SInv    .            l - +0 pair of boots
Will    .....        k - amulet of the acrobat Stlth
                     r - ring of magical power
HPRegen 1.06/turn    (no ring)
MPRegen 0.15/turn

%: acrobat, guardian spirit
@: no status effects
A: fangs 2, regeneration 1, magic shield, antimagic bite, no potion heal 2
a: Renounce Religion


You were on level 5 of the Dungeon.
You worshipped Fedhas.
Fedhas was noncommittal.
You visited 1 branch of the dungeon, and saw 5 of its levels.

You collected 230 gold pieces.
You spent 13 gold pieces at shops.

Inventory:

Hand Weapons
 a - a +0 flail (weapon)
Missiles
 o - 2 boomerangs of dispersal (quivered)
 q - 5 javelins
 s - 6 boomerangs
 u - 4 poisoned darts
Armour
 b - a +0 scale mail (worn)
 c - a +0 buckler (worn)
 l - a +0 pair of boots (worn)
 y - the +0 scale mail of the Lychee {rF+ rC+ rCorr Str-2}
   (You found it on level 4 of the Dungeon)

   Str:       It affects your strength (-2).
   rF:        It protects you from fire.
   rC:        It protects you from cold.
   rCorr:     It protects you from acid and corrosion.
Jewellery
 k - an amulet of the acrobat (around neck)
 r - a ring of magical power (left hand)
 v - a ring of fire
Scrolls
 e - 2 scrolls of fog {unknown}
 h - 7 scrolls of identify {unknown}
 i - a scroll of vulnerability {unknown}
 m - 3 scrolls of butterflies {unknown}
 n - 2 scrolls of teleportation {unknown}
 p - a scroll of acquirement {unknown}
 t - a scroll of noise {unknown}
 x - 2 scrolls of magic mapping {unknown}
Potions
 d - 2 potions of might
 f - a potion of lignification {unknown}
 g - 2 potions of brilliance {unknown}
 j - 3 potions of magic {unknown}
 w - a potion of ambrosia {unknown}


   Skills:
 + Level 4.4 Fighting
 * Level 5.1 Maces & Flails
 + Level 4.0 Armour
 - Level 3.0 Shields


You had 6 spell levels left.
You didn't know any spells.
Your spell library contained the following spells:

 Spells                   Type           Power      Damage    Failure   Level
 Apportation              Tloc           0%         N/A       83%         1
 Freeze                   Ice            0%         1d3       83%         1
 Magic Dart               Conj           0%         1d3       83%         1
 Necrotise                Necr           0%         1d4       83%         1
 Summon Small Mammal      Summ           0%         N/A       83%         1
 Blink                    Tloc           0%         N/A       92%         2
 Lesser Beckoning         Tloc           0%         N/A       92%         2
 Momentum Strike          Conj/Tloc      0%         3d8       92%         2
 Searing Ray              Conj           0%         2d4       92%         2
 Frozen Ramparts          Ice            0%         1d1       99%         3
 Hailstorm                Conj/Ice       0%         3d3       99%         3
 Fulminant Prism          Conj/Hex       0%         3d5       100%        4


Dungeon Overview and Level Annotations

Branches:
Dungeon (5/15)
 Temple: D:4-7

Altars:
Dithmenos
Fedhas
Sif Muna
Wu Jian
Xom
The Shining One

Shops:
D:1 !   D:2 :

Annotations:
D:5 Pikel


Innate Abilities, Weirdness & Mutations

You have extremely sharp teeth.
Your natural rate of healing is unusually fast.
When hurt, damage is shared between your health and your magic reserves.
Your bite disrupts and absorbs the magic of your enemies.
Potions cannot restore your health.


Message History

You closely miss Pikel. Your bite misses Pikel.
Pikel is severely wounded.
Pikel hits you with a +0 whip of freezing.
Pikel freezes you.
You barely miss Pikel. Your bite misses Pikel.
Pikel is severely wounded.
Pikel hits you with a +0 whip of freezing!
Pikel freezes you.
Pikel hits you with a +0 whip of freezing!
* * * LOW HITPOINT WARNING * * *
Pikel freezes you.
* * * LOW HITPOINT WARNING * * *
Okay, then.
You closely miss Pikel. Your bite misses Pikel.
Pikel is severely wounded.
Pikel says, "I'm sure they'll be treated well, anyway."
Pikel barely misses you.
You barely miss Pikel. Your bite misses Pikel.
Pikel is severely wounded.
Pikel hits you with a +0 whip of freezing.
* * * LOW HITPOINT WARNING * * *
Pikel freezes you.
You sock Pikel! You bite Pikel, but do no damage.
Pikel is almost dead.
Pikel hits you with a +0 whip of freezing.
* * * LOW HITPOINT WARNING * * *
Pikel freezes you.
* * * LOW HITPOINT WARNING * * *
You hit Pikel but do no damage. You bite Pikel. You drain his power.
You feel invigorated.
Pikel is almost dead.
Pikel closely misses you.
You closely miss Pikel.
Pikel is almost dead.
Pikel hits you with a +0 whip of freezing.
* * * LOW HITPOINT WARNING * * *
Pikel freezes you.
Pikel hits you with a +0 whip of freezing.
You die...
Fedhas appreciates your contribution to the ecosystem.

#.........##....<..####..#.#
##.......####.#..### #......
##.....## #.##.# #.####.
##...## #.##.# #.##... ##+##
#.##.# #.#.... #.
#.##.#####.#.... #.####
#.##..........._
#....####.#######..#....
#...55K@..# ##.#....
#...5###### #.##... #...##
#.####. #...# #...... #5###
####### #. #. #. #5


You could see Pikel and 3 lemures.

Vanquished Creatures
  An ogre (D:4)
  A lemure (D:5)
  A phantom (D:5)
  Blork the orc (D:4)
  A hound (D:5)
  An orc priest (D:3)
  4 iguanas
  A sleepcap (D:4)
  An orc wizard (D:4)
  7 adders
  2 worms
  4 dart slugs
  16 orcs
  7 ball pythons
  8 bats
  6 endoplasms
  2 giant cockroaches (D:1)
  6 goblins
  8 hobgoblins
  2 jackals (D:1)
  2 quokkas
  A frilled lizard (D:2)
  9 kobolds
  7 rats
99 creatures vanquished.

Vanquished Creatures (others)
  3 withered plants (D:5)
3 creatures vanquished.

Grand Total: 102 creatures vanquished

Notes
Turn   | Place    | Note
-------+----------+-------------------------------------------
     0 | D:1      | croobank the Vine Stalker Fighter began the quest for the
                  | Orb.
     0 | D:1      | Reached XP level 1. HP: 11/11 MP: 2/2
    70 | D:1      | Reached XP level 2. HP: 16/16 MP: 3/3
    88 | D:1      | Reached skill level 2 in Maces & Flails
   106 | D:1      | Found Wakep's Distillery.
   165 | D:1      | Bought a potion of degeneration for 13 gold pieces
   287 | D:1      | Reached XP level 3. HP: 20/20 MP: 4/4
   959 | D:2      | Found Huithrinn's Book Shop.
  1008 | D:2      | Gained mutation: Your natural rate of healing is unusually
                  | fast. [Vine Stalker growth]
  1008 | D:2      | Reached XP level 4. HP: 24/24 MP: 5/5
  1634 | D:3      | Found a shadowy altar of Dithmenos.
  1743 | D:3      | Reached skill level 3 in Maces & Flails
  1743 | D:3      | Reached XP level 5. HP: 20/28 MP: 6/6
  2573 | D:4      | Noticed Blork the orc
  2584 | D:4      | Killed Blork the orc
  2585 | D:4      | Reached skill level 4 in Maces & Flails
  2585 | D:4      | Reached XP level 6. HP: 27/33 MP: 7/7
  2782 | D:4      | Identified the +0 scale mail of the Lychee {rF+ rC+ rCorr
                  | Str-2}
  3012 | D:4      | Found an ornate altar of the Wu Jian Council.
  3031 | D:4      | Reached XP level 7. HP: 31/37 MP: 8/8
  3105 | D:4      | Found a blossoming altar of Fedhas.
  3323 | D:4      | Became a worshipper of Fedhas Madash
  3395 | D:4      | Found a shimmering altar of Xom.
  3476 | D:5      | Entered Level 5 of the Dungeon
  3536 | D:5      | Found a glowing golden altar of the Shining One.
  3601 | D:5      | Reached skill level 5 in Maces & Flails
  3639 | D:5      | Found a shimmering blue altar of Sif Muna.
  3698 | D:5      | Noticed Pikel
  3733 | D:5      | Slain by Pikel

Illustrated notes

Levels and vault maps discovered:
D:1:      shiori_arrival_oz, layout_loops_ring, serial_shops, shop
D:2:      layout_basic, serial_shops, nicolae_shop_just_a_little_nook
D:3:      layout_basic, nicolae_dithmenos_the_darkroom
D:4:      layout_loops_ring, kennysheep_little_box,
          lemuel_coloured_pillars_altar, tgw_xom, uniq_blork_the_orc
D:5:      layout_loops_corners, old_standard_altar, kennysheep_mini,
          nicolae_hepliaklqana_monster_ancestors, yredelemnul_altar_generic,
          uniq_crazy_yiuf_cottage, uniq_pikel

Skill      XL: |  1  2  3  4  5  6  7 |
---------------+----------------------+-----
Maces & Flails | 2 3 4 5 |  5.1
Fighting       | 3 4 |  4.4
Shields        | 3 |  3.0
Armour         | 3 4 |  4.0

Action                     |  1- 3 |  4- 6 |  7- 9 || total
---------------------------+-------+-------+-------++-------
  Melee: Flail             |    91 |   173 |    67 ||   331
         Bite              |    17 |    49 |    22 ||    88
  Throw: Dart              |       |     1 |       ||     1
 Armour: Scale mail        |    56 |    68 |    18 ||   142
  Dodge: Dodged            |    44 |    67 |    16 ||   127
  Block: Buckler           |    17 |    47 |    14 ||    78
